Map: Lerilak Crest

Players

Anytime

  • Race: Terran Terran
  • League: Gold

LilDicky - Winner!

  • Race: Terran Terran
  • League: Diamond

VOD

http://www.twitch.tv/tumescentpie

Description

Time

  • Played on: Nov. 26, 2015, 11:36 p.m.
  • Length: 19:02
Show
View Real Time Build Order
Export as new Build Order

Anytime Terran 

Build Orders:  

Get SALT Encoding   

  12  0:01  SCV  
  13  0:17  Supply Depot  
  13  0:18  SCV  
  14  0:30  SCV  
  15  0:40  Barracks  
  15  0:42  SCV  
  16  0:46  Refinery  
  16  0:54  SCV  
  17  1:06  SCV  
  18  1:18  SCV  
  19  1:28  Supply Depot  
  19  1:29  Refinery  
  19  1:31  Orbital Command  
  19  1:35  Marine  
  20  1:51  Factory  
  20  2:01  Marine  
  20  2:03  SCV  
  22  2:15  SCV  
  23  2:19  Marine  
  24  2:23  Supply Depot  
  24  2:27  SCV  
  25  2:36  Starport  
  24  2:39  Factory Tech Lab, SCV  
  25  2:51  SCV  
  26  3:04  SCV  
  27  3:14  Viking  
  27  3:16  SCV, Engineering Bay  
  27  3:17  Supply Depot  
  30  3:21  Command Center  
  30  3:24  Widow Mine  
  30  3:26  Marine  
  33  3:31  SCV  
  34  3:41  Supply Depot  
  34  3:43  SCV  
  34  3:45  Marine  
  36  3:56  Viking  
  38  4:03  Missile Turret  
  38  4:05  Marine  
  39  4:11  Siege Tank  
  39  4:14  SCV  
  43  4:23  Supply Depot  
  43  4:26  SCV  
  44  4:39  Orbital Command  
  44  4:41  SCV  
  44  4:43  Siege Tank  
  48  4:53  SCV  
  42  5:10  Marine  
  38  5:14  Starport Tech Lab  
  38  5:15  Siege Tank  
  38  5:21  Missile Turret  
  41  5:33  Raven  
  42  5:56  Orbital Command  
  42  6:11  Siege Tank  
  45  6:30  Barracks  
  45  6:38  SCV  
  46  6:44  Supply Depot  
  46  6:47  SCV  
  46  6:50  Refinery  
  46  6:52  Refinery  
  47  6:54  Siege Tank  
  47  6:58  SCV  
  47  7:00  SCV, Supply Depot  
  55  7:12  SCV  
  56  7:20  Barracks Tech Lab, Barracks  
  56  7:24  SCV  
  56  7:26  Medivac  
  56  7:27  Siege Tank  
  56  7:28  SCV  
  60  7:31  Supply Depot  
  60  7:36  SCV  
  61  7:40  SCV  
  61  7:43  Stimpack, Missile Turret  
  62  7:44  Marine  
  62  7:48  SCV  
  64  7:53  SCV  
  65  7:59  Medivac  
  65  8:00  SCV  
  65  8:01  Siege Tank  
  65  8:05  SCV, Marine  
  73  8:06  Missile Turret  
  73  8:07  Barracks Tech Lab  
  73  8:10  Barracks  
  73  8:12  SCV  
  74  8:15  Barracks  
  74  8:17  SCV  
  74  8:18  Barracks  
  75  8:24  SCV  
  76  8:29  SCV, Marine x2  
  79  8:36  Supply Depot, SCV  
  79  8:38  Supply Depot  
  79  8:41  SCV  
  81  8:42  Siege Tank, Medivac  
  86  8:58  SCV x2  
  88  9:04  Marine x2  
  88  9:06  Barracks Reactor  
  88  9:08  Barracks Reactor  
  90  9:10  SCV  
  90  9:15  Command Center  
  91  9:25  Marine x3  
  91  9:26  Combat Shields  
  91  9:27  Siege Tank  
  91  9:28  Medivac  
  91  9:29  SCV  
  91  9:31  Supply Depot  
  100  9:33  Supply Depot  
  100  9:34  Terran Infantry Weapons Level 1  
  100  9:37  Engineering Bay  
  100  9:40  Armory  
  100  9:41  SCV  
  100  9:42  Marine  
  102  9:52  SCV, Marine x6  
  109  9:54  Supply Depot  
  109  9:55  Supply Depot  
  109  10:01  Barracks Reactor  
  109  10:04  SCV  
  110  10:10  Marine x4  
  114  10:14  Marine  
  114  10:15  Marine  
  114  10:17  SCV  
  117  10:27  Orbital Command  
  117  10:28  Marine x4  
  121  10:32  Marine, Medivac  
  121  10:33  Siege Tank, Marine  
  128  10:36  SCV  
  128  10:37  SCV  
  130  10:42  Marine  
  130  10:43  Marine  
  130  10:45  Marine x3  
  130  10:48  SCV  
  130  10:49  SCV  
  137  11:00  SCV  
  137  11:01  SCV  
  137  11:02  Medivac  
  141  11:12  Marine x3  
  141  11:13  Marine x2  
  146  11:22  Marine x2  
  146  11:23  Marine  
  149  11:35  Supply Depot  
  149  11:36  Terran Infantry Weapons Level 2  
  149  11:37  Terran Infantry Armor Level 1, Supply Depot  
  149  11:38  Supply Depot  
  149  11:44  Marine  
  149  11:46  Marine  
  149  11:47  Marine  
  149  11:55  Marine x2  
  149  11:56  Siege Tank, Marine x3  
  150  12:14  Marine  
  109  12:54  Marine  
  109  12:55  Marine x7  
  107  13:04  Viking  
  105  13:06  Thor  
  105  13:08  Supply Depot x2  
  105  13:09  Terran Vehicle Weapons Level 1  
  105  13:12  Marine  
  111  13:13  Marine x7  
  111  13:30  Marine x5  
  111  13:31  Marine x3  
  116  13:34  Viking  
  114  13:42  SCV  
  114  13:47  Missile Turret  
  114  13:48  Missile Turret, Marine x8  
  112  13:54  SCV  
  118  14:04  Viking  
  118  14:06  SCV, Marine x8  
  129  14:20  SCV  
  129  14:24  Marine x3  
  133  14:32  SCV  
  133  14:33  Marine x4  
  133  14:34  Viking, Marine  
  133  14:36  Factory  
  133  14:37  Factory  
  141  14:41  Marine  
  141  14:42  Marine x2  
  141  14:44  SCV, Refinery  
  141  14:45  Refinery  
  145  14:49  Concussive Shells  
  145  14:51  Marine x3  
  145  14:52  Marauder x2  
  152  15:04  Medivac  
  154  15:13  Siege Tank, Marauder  
  159  15:22  Factory Tech Lab  
  159  15:23  Factory Tech Lab  
  159  15:28  Command Center  
  159  15:34  Medivac  
  161  15:35  Marine  
  161  15:36  Marine x5  
  161  15:37  Marine  
  168  15:45  Siege Tank  
  168  15:48  Orbital Command  
  171  16:05  Missile Turret  
  171  16:07  Medivac  
  169  16:17  Siege Tank  
  160  16:37  Medivac  
  162  16:42  Orbital Command  
  138  17:07  Medivac  
  140  17:22  SCV  
  141  17:25  Refinery  
  141  17:26  Marine, Marauder x2  
  141  17:27  Refinery, Marine x3  
  149  17:34  SCV  
  149  17:37  Medivac  
  152  17:46  SCV  
  152  17:47  Marauder  
  152  17:48  Marauder  
  153  18:07  Medivac  
  153  18:09  Marauder x2  
  159  18:30  Marauder x2  
Show
View Real Time Build Order
Export as new Build Order

LilDicky Terran - Winner!

Build Orders: 1/1/1, Banshee Rush 

Get SALT Encoding   

  12  0:01  SCV  
  13  0:13  SCV  
  14  0:17  Supply Depot  
  14  0:25  SCV  
  15  0:30  Refinery  
  15  0:39  SCV  
  16  0:45  Barracks  
  16  0:53  SCV  
  17  1:05  SCV  
  18  1:17  SCV  
  19  1:32  Supply Depot, Marine  
  21  1:36  Orbital Command  
  21  1:39  Factory  
  20  1:43  Refinery  
  20  1:50  Marine  
  21  2:02  SCV  
  21  2:08  Marine  
  23  2:14  SCV  
  24  2:23  Factory Tech Lab  
  24  2:24  Starport  
  24  2:26  SCV, Marine  
  26  2:37  Supply Depot  
  26  2:38  SCV  
  27  2:53  Engineering Bay  
  27  2:54  Marine  
  27  2:56  Widow Mine  
  27  2:58  SCV  
  30  3:10  SCV  
  31  3:13  Banshee, Cloaking Field  
  31  3:15  Marine  
  35  3:22  SCV  
  36  3:32  Factory Tech Lab  
  36  3:34  SCV  
  36  3:35  Marine  
  36  3:36  Supply Depot  
  38  3:46  SCV  
  39  3:48  Supply Depot  
  39  3:57  Banshee, Siege Tank  
  45  4:04  Marine  
  46  4:11  Supply Depot  
  46  4:29  Siege Tank  
  46  4:30  SCV  
  50  4:40  Viking  
  45  5:15  Siege Tank  
  45  5:16  Marine  
  45  5:19  Banshee  
  52  5:25  Command Center  
  52  5:34  Marine  
  48  5:49  SCV  
  42  5:52  Marine  
  40  5:58  Siege Tank  
  40  6:01  Command Center, SCV  
  44  6:09  Refinery  
  44  6:13  SCV  
  44  6:14  Refinery  
  44  6:16  Starport Reactor  
  45  6:25  SCV  
  45  6:27  Supply Depot  
  45  6:31  Siege Tank  
  49  6:37  SCV  
  51  6:46  Stimpack  
  50  6:47  Marine  
  50  6:50  SCV  
  50  6:51  Factory  
  52  7:04  Viking, Siege Tank  
  52  7:05  Supply Depot  
  52  7:08  Orbital Command  
  57  7:14  SCV  
  58  7:38  Engineering Bay  
  58  7:41  Factory Tech Lab  
  58  7:44  Viking  
  60  7:46  SCV x2  
  60  7:48  Supply Depot  
  60  7:49  Supply Depot, Orbital Command  
  62  7:56  Marine  
  63  7:59  SCV  
  63  8:00  SCV  
  65  8:11  SCV  
  65  8:12  Terran Infantry Weapons Level 1, SCV  
  67  8:13  Missile Turret  
  67  8:17  SCV  
  68  8:23  SCV  
  68  8:24  Viking  
  71  8:27  Viking  
  71  8:29  SCV x2, Armory  
  75  8:40  Marine  
  76  8:42  Missile Turret  
  76  8:44  Siege Tank x2  
  82  8:51  Missile Turret  
  82  8:52  SCV x2  
  82  8:53  Missile Turret  
  84  8:56  Viking  
  84  8:57  SCV  
  84  8:58  Marine  
  88  9:09  SCV x2  
  90  9:14  SCV  
  90  9:16  Siege Tank  
  94  9:19  Siege Tank  
  94  9:21  SCV  
  94  9:23  Terran Vehicle And Ship Armor Level 1  
  98  9:24  Factory x2  
  98  9:33  Armory  
  98  9:35  SCV  
  98  9:36  SCV  
  101  9:39  Viking  
  101  9:44  Refinery x2  
  103  9:47  SCV  
  103  10:02  SCV x2  
  105  10:08  Missile Turret  
  105  10:09  Missile Turret  
  105  10:11  Missile Turret  
  105  10:19  Factory Reactor  
  105  10:21  Factory Reactor, Starport  
  105  10:23  Missile Turret  
  105  10:24  Command Center  
  105  10:25  Siege Tank x2  
  111  10:35  Terran Vehicle Weapons Level 1  
  110  10:44  SCV x2  
  110  10:45  Command Center  
  110  10:47  Infernal Pre-Igniter  
  112  10:50  Viking x2  
  112  10:51  SCV  
  117  11:00  Starport Reactor  
  117  11:02  Starport Tech Lab  
  117  11:07  Missile Turret  
  117  11:11  Missile Turret  
  117  11:14  Supply Depot  
  117  11:16  Refinery  
  117  11:21  Refinery  
  117  11:23  Hellion x4  
  117  11:24  SCV  
  117  11:25  Marine  
  127  11:27  Liberator  
  127  11:37  Hellion x2, Missile Turret  
  131  11:42  Banshee  
  131  11:43  Marine  
  131  11:44  Hellion x2  
  136  12:03  Missile Turret x2  
  136  12:04  Missile Turret  
  135  12:12  Viking  
  129  12:25  Viking  
  129  12:27  Missile Turret  
  80  12:51  Hellion, Siege Tank  
  80  12:52  Hellion x3, Siege Tank  
  90  13:04  SCV  
  92  13:06  Planetary Fortress  
  91  13:13  Hellion  
  93  13:24  Siege Tank  
  96  13:27  Banshee  
  96  13:28  Viking x2  
  90  13:43  Hellion x2, Siege Tank  
  94  13:56  Siege Tank  
  94  13:58  Hellion x2, Viking x2  
  105  14:03  SCV  
  105  14:04  Hellion  
  108  14:10  Banshee  
  108  14:12  Refinery  
  108  14:13  Hellion  
  108  14:15  SCV, Siege Tank  
  117  14:18  Refinery  
  117  14:20  Hellion  
  119  14:26  Hellion x2  
  119  14:27  SCV  
  119  14:28  Viking, Siege Tank  
  119  14:30  Terran Vehicle And Ship Armor Level 2  
  129  14:32  Terran Vehicle Weapons Level 2  
  129  14:35  SCV x3  
  132  14:39  SCV  
  133  14:47  Siege Tank  
  133  14:51  SCV  
  137  14:53  Banshee  
  137  14:59  Refinery x2  
  140  15:00  Siege Tank  
  140  15:02  Marine  
  140  15:04  Hellion x2  
  148  15:07  Command Center  
  148  15:16  Supply Depot x3  
  148  15:17  Supply Depot  
  148  15:21  Liberator x2  
  148  15:38  Hellion x3  
  150  16:14  Banshee  
  153  16:20  Viking x2  
  157  16:38  Hellion x3, Siege Tank x2  
  160  16:56  Hellion  
  160  16:57  Banshee  
  160  16:59  Planetary Fortress, Hellion x2  
  161  17:02  Missile Turret  
  161  17:04  Missile Turret  
  161  17:05  Missile Turret x2  
  161  17:06  Missile Turret  
  161  17:08  Missile Turret x2  
  161  17:09  Missile Turret  
  161  17:10  Siege Tank x2  
  167  17:16  Hi-Sec Auto Tracking  
  167  17:42  Siege Tank x2  
  173  17:58  Hellion x2  
  168  18:00  Hellion x2  
  172  18:11  Ghost Academy  
  172  18:14  Siege Tank x2, Barracks  
  172  18:16  Barracks x2  
  172  18:18  Barracks  
  178  18:20  Ghost Academy  
  178  18:21  Ghost Academy x2  
Tags
 
Add a new tag
Caveats
  • Supply blocks, unpowered buildings, or Contaminate may cause inaccurate times.
  • Supply counts are checked every 10 seconds.